 Dungeon Crawl Stone Soup version 0.25-a0-701-gb30f108f01 (webtiles) character file.

Game seed: 11899214876693827009, levelgen mode: deterministic

74127 Maedhros the Covert (level 15, -2/95 HPs)
             Began as an Octopode Artificer on Apr 3, 2020.
             Was a Priest of Fedhas.
             Slain by a sun demon (6 damage)
             ... on level 6 of the Lair of Beasts.
             The game lasted 01:08:59 (28652 turns).

Maedhros the Covert (Octopode Artificer)           Turns: 28652, Time: 01:09:00

Health: -2/95      AC:  3    Str: 13    XL:     15   Next: 45%
Magic:  18/24      EV: 24    Int: 13    God:    Fedhas [***...]
Gold:   2132       SH: 18    Dex: 22    Spells: 6/14 levels left

rFire    + . .     SeeInvis .   Z - +2 demon trident (elec)
rCold    . . .     Gourm    .   E - +5 kite shield {reflect}
rNeg     + . .     Faith    .   V - +2 hat
rPois    .         Spirit   .   I - amulet of the acrobat
rElec    .         Reflect  +   b - +4 ring of evasion
rCorr    +         Harm     .   B - ring of resist corrosion
MR       ++...     Clarity  +   v - ring of flight
Stlth    ++++++++..             P - ring of protection from magic
HPRegen  0.25/turn              p - +2 ring of dexterity
MPRegen  0.19/turn              k - ring "Qoassul" {Fire Stlth+}
                                s - ring of positive energy
                                W - +2 ring of dexterity

@: no status effects
A: almost no armour, stealthy swim, amphibious, 8 rings, constrict 8, camouflage
1, clarity, cold resistance 1, gelatinous body 1, MP-powered wands
a: Wall of Briars, Grow Ballistomycete, Renounce Religion, Evoke Flight


You were on level 6 of the Lair of Beasts.
You worshipped Fedhas.
Fedhas was most pleased with you.
You were hungry.

You visited 3 branches of the dungeon, and saw 22 of its levels.
You also visited: Bailey, Gauntlet and Ice Cave.

You collected 2272 gold pieces.
You spent 140 gold pieces at shops.

Inventory:

Hand Weapons
 t - a +3 hunting sling
 x - a +2 rapier of protection
 Z - a +2 demon trident of electrocution (weapon)
Missiles
 g - 551 stones
 h - 78 sling bullets
 A - 4 javelins
 C - 10 atropa-tipped darts (quivered)
 J - 10 curare-tipped darts
 Q - 9 silver javelins
 T - 2 throwing nets
Armour
 u - a +0 tower shield of protection
 E - a +5 kite shield of reflection (worn)
 V - a +2 hat (worn)
Jewellery
 b - a +4 ring of evasion (left tentacle)
 k - the ring "Qoassul" (on tentacle) {Fire Stlth+}
   (You acquired it on level 2 of the Lair of Beasts)

   [ring of fire]

   It enhances your fire magic.
   It protects you from fire.
   It makes you vulnerable to cold.
   It makes you more stealthy.
 p - a +2 ring of dexterity (on tentacle)
 s - a ring of positive energy (on tentacle)
 v - a ring of flight (on tentacle)
 B - a ring of resist corrosion (right tentacle)
 I - an amulet of the acrobat (around mantle)
 P - a ring of protection from magic (on tentacle)
 R - the ring of Taciup {*Tele +Blink}
   (You found it in a Gauntlet)

   [ring of teleportation]

   It may teleport you next to monsters.
   It lets you blink.
 W - a +2 ring of dexterity (on tentacle)
Wands
 d - a wand of random effects (70)
 m - a wand of iceblast (3)
 o - a wand of enslavement (2)
 N - a wand of disintegration (13)
 X - a wand of paralysis (26)
Scrolls
 j - a scroll of enchant armour
 n - 2 scrolls of identify
 r - 3 scrolls of teleportation
 y - 3 scrolls of fog
 H - 2 scrolls of blinking
 S - 4 scrolls of fear
Potions
 a - 2 potions of stabbing
 e - 2 potions of invisibility
 i - a potion of ambrosia
 l - 2 potions of resistance
 w - 2 potions of might
 z - 7 potions of curing
 D - 3 potions of haste
 K - 3 potions of lignification
 L - a potion of brilliance
 M - 2 potions of mutation
 O - a potion of berserk rage {unknown}
Miscellaneous
 G - a lightning rod (1/4)
 Y - 2 tins of tremorstones
Comestibles
 f - 19 rations


   Skills:
 + Level 6.4 Fighting
 - Level 2.0(2.7) Short Blades
   Level 2.8(3.1) Long Blades
 * Level 8.1 Polearms
 - Level 8.2 Slings
 - Level 8.0 Dodging
 + Level 14.9 Stealth
 * Level 12.0 Shields
 * Level 5.1 Charms
 - Level 2.6 Ice Magic
 * Level 13.3 Invocations
 - Level 8.0 Evocations


You had 6 spell levels left.
You knew the following spells:

 Your Spells              Type           Power        Failure   Level  Hunger
a - Ozocubu's Armour      Chrm/Ice       ##......     28%         3    ####...
b - Song of Slaying       Chrm           ##......     9%          2    ###....
c - Spectral Weapon       Hex/Chrm       #.......     43%         3    ####...

Your spell library contained the following spells:

 Spells                   Type           Power        Failure   Level  Hunger
 Infusion                 Chrm           ##..         5%          1    ##.....
 Freeze                   Ice            #...         16%         1    ##.....
 Shroud of Golubria       Chrm/Tloc      #.....       24%         2    ###....
 Swiftness                Chrm/Air       #.......     24%         2    ###....
 Corona                   Hex            #......      41%         1    ##.....
 Shock                    Conj/Air       #...         41%         1    ##.....
 Summon Butterflies       Summ           #.......     41%         1    ##.....
 Frozen Ramparts          Ice            #.....       43%         3    ####...
 Poisonous Vapours        Pois/Air       #.....       56%         2    ###....
 Slow                     Hex            #.......     56%         2    ###....
 Call Canine Familiar     Summ           #.......     80%         3    ####...
 Conjure Flame            Conj/Fire      #.......     80%         3    ####...
 Inner Flame              Hex/Fire       #.......     80%         3    ####...
 Mephitic Cloud           Conj/Pois/Air  #.......     80%         3    ####...
 Static Discharge         Conj/Air       #.......     80%         3    ####...
 Hailstorm                Conj/Ice       #.......     95%         4    #####..
 Summon Ice Beast         Ice/Summ       #.......     95%         4    #####..
 Airstrike                Air            #.........   99%         4    #####..
 Cause Fear               Hex            #.........   99%         4    #####..
 Lightning Bolt           Conj/Air       #.........   100%        5    ######.
 Summon Mana Viper        Hex/Summ       #.......     100%        5    ######.
 Freezing Cloud           Conj/Ice/Air   #.........   100%        6    #######
 Ring of Flames           Chrm/Fire      #.........   100%        7    #######
 Summon Hydra             Summ           #.........   100%        7    #######


Dungeon Overview and Level Annotations

Branches:
Dungeon (14/15)            Temple (0/1) D:7            Lair (6/6) D:8
 Shoals (0/4) Lair:3       Spider (0/4) Lair:4        Slime (0/5) Lair:6
    Orc (2/2) D:11            Elf (0/3) Orc:2        Bailey (visited)
  IceCv (visited)         Gauntlet (visited)
 Vaults: D:13-14

Altars:
Ashenzari
Cheibriados
Elyvilon
Fedhas
Kikubaaqudgha
Makhleb
Nemelex Xobeh
Qazlal
Sif Muna
Vehumet
Wu Jian
Xom
Jiyva

Shops:
D:4 (   D:12 *   Orc:1 *(   Orc:2 =}[[

Portals:
Trove: D:11 (give 7 scrolls of blinking)

Annotations:
D:2 2 transporters
D:3 Grinder
D:11 2 runed translucent doors, Ihob's ghost, journeyman VSSk


Innate Abilities, Weirdness & Mutations

You cannot wear most types of armour.
You are very stealthy in the water. (Stealth+)
You are amphibious.
You can wear up to eight rings at the same time.
You can use your tentacles to constrict eight enemies at once.
Your skin changes colour to match your surroundings (Stealth+).
Your rubbery body absorbs attacks. (AC +1, EV +1)
You possess an exceptional clarity of mind.
Your flesh is cold resistant. (rC+)
You expend magic power (3 MP) to strengthen your wands.


Message History

The sun demon is heavily wounded.
The sun demon hits you!!
You are engulfed in flames.
You resist.
* * * LOW HITPOINT WARNING * * *
Unknown command.
You are too injured to fight recklessly!
Unknown command.
You are too injured to fight recklessly!
You feel better. You block the sun demon's attack.
You puncture the sun demon! Your grab misses the sun demon.
The sun demon is severely wounded.
The sun demon hits you!
* * * LOW HITPOINT WARNING * * *
You are engulfed in flames.
You resist.
* * * LOW HITPOINT WARNING * * *
Unknown command.
You feel better. The sun demon hits you!!
* * * LOW HITPOINT WARNING * * *
You are engulfed in flames.
You resist.
You die...
Fedhas appreciates your contribution to the ecosystem.

§≈ ########## ##≈§≈
#.......)#.....§
#...8.8..#......
#..8.#...'...3_.
#...8.#†.#......
#..#.8...#......
#...#.8..##############
#..8.8...†3@...........
#............8....8....
♣♣♣♣♣+########P.............
♣.♣♣P♣♣♣ ♣PP####''#####
.......♣♣♣ ♣♣♣♣ ♣....♣
÷.♣♣♣....♣♣♣ ♣♣...♣ ♣♣♣
♣♣♣♣...♣♣ ♣♣♣..♣♣♣
♣♣...♣♣♣♣♣..♣♣♣ ♣♣♣..♣♣..♣♣♣


You could see a sun demon, a friendly burning bush and 2 friendly oklob
saplings.

Vanquished Creatures
  Rupert (Lair:5)
  A frost giant (IceCv)
  A dire elephant (Lair:6)
  A minotaur (Gauntlet)
  Harold (D:8)
  4 hydras
  A catoblepas (Lair:3)
  A tengu warrior (Gauntlet)
  2 centaur warriors
  6 two-headed ogres
  4 death yaks
  An orc high priest (Orc:2)
  Sonja (Lair:6)
  A fire crab (Gauntlet)
  An unseen horror (D:13)
  A wizard (Lair:6)
  A glowing orange brain (Gauntlet)
  4 lindwurms (Lair:2)
  5 orc knights
  Pikel (D:5)
  A deep elf mage (D:13)
  An ugly thing (D:13)
  2 orc sorcerers
  A cyclops (Orc:1)
  2 black mambas
  An ice statue (IceCv)
  2 gargoyles
  2 orange demons (Lair:6)
  8 spiny frogs
  10 komodo dragons
  Maggie (D:6)
  6 rime drakes
  2 ice devils (Lair:6)
  A hellwing (Lair:6)
  A tengu conjurer (Gauntlet)
  5 trolls
  6 blink frogs
  20 polar bears
  A hornet (D:12)
  7 hippogriffs
  A shadow (D:12)
  A wyvern (D:11)
  Eustachio (D:5)
  4 hungry ghosts
  45 yaks
  Sigmund (D:5)
  A wraith (D:12)
  A basilisk (Lair:1)
  2 steam dragons
  2 fire bats (Gauntlet)
  4 wargs
  An acid dragon (D:12)
  13 water moccasins
  A black bear (D:6)
  2 hell hounds (Lair:6)
  11 porcupines
  4 slaves (D:5)
  4 ice beasts
  19 orc warriors
  A necrophage (D:11)
  A sky beast (D:11)
  2 centaurs
  9 ogres
  A phantom (D:7)
  11 wolves (IceCv)
  15 crocodiles
  4 big kobolds
  Blork the orc (D:6)
  13 bullfrogs
  A wyvern skeleton (D:11)
  5 scorpions
  12 killer bees (D:7)
  5 wights (D:12)
  4 howler monkeys
  2 bullfrog zombies
  10 crimson imps
  3 jellies
  5 bullfrog skeletons
  4 centaur skeletons
  21 orc priests
  4 hounds
  20 orc wizards
  A gnoll shaman (D:5)
  4 iguanas
  14 worker ants
  A killer bee zombie (D:6)
  A hound skeleton (D:9)
  3 hound zombies
  5 gnolls (D:5)
  11 adders
  3 shadow imps
  3 oozes
  An adder skeleton (D:4)
  5 dart slugs
  6 leopard geckos
  59 orcs
  3 ball pythons
  6 giant cockroaches
  10 goblins
  11 hobgoblins
  13 jackals
  4 quokkas
  4 bats
  2 frilled lizards
  2 jackal zombies
  23 kobolds
  A leopard gecko skeleton (D:4)
  6 rats
593 creatures vanquished.

Vanquished Creatures (collateral kills)
  Jorgrun (Orc:1)
  A dire elephant (Gauntlet)
  2 orc high priests (Orc:2)
  4 death yaks
  An orc knight (Orc:2)
  An ugly thing (Gauntlet)
  4 orc sorcerers (Orc:2)
  An elephant (Gauntlet)
  2 spiny frogs
  A polar bear (IceCv)
  A red devil (Lair:6)
  A warg (Orc:1)
  2 hell hounds (Lair:6)
  7 orc warriors
  2 ogres
  3 orc wizards
  2 orc priests (Orc:2)
  An adder zombie (D:8)
  19 orcs
  A frilled lizard (D:1)
  27 ballistomycete spores
84 creatures vanquished.

Vanquished Creatures (others)
  A hippogriff (Lair:1)
  A centaur (D:9)
  2 hobgoblins (D:1)
  A bat (D:1)
  2 ballistomycete spores (Lair:4)
  8 fungi
  4 plants
19 creatures vanquished.

Grand Total: 696 creatures vanquished

Notes
Turn   | Place    | Note
-------+----------+-------------------------------------------
     0 | D:1      | Maedhros the Octopode Artificer began the quest for the
                  | Orb.
     0 | D:1      | Reached XP level 1. HP: 13/13 MP: 3/3
    74 | D:1      | Reached skill level 2 in Stealth
    75 | D:1      | Reached XP level 2. HP: 8/18 MP: 4/4
   490 | D:1      | Reached skill level 3 in Stealth
   530 | D:1      | Reached XP level 3. HP: 21/23 MP: 5/5
   746 | D:2      | Found a transporter.
   758 | D:2      | Found a transporter.
   767 | D:2      | Found an ornate altar of the Wu Jian Council.
   802 | D:3      | Noticed a centaur
   811 | D:3      | Killed a centaur
   811 | D:3      | Reached skill level 4 in Stealth
   811 | D:3      | Reached XP level 4. HP: 23/28 MP: 7/7
   811 | D:3      | Reached XP level 5. HP: 27/33 MP: 8/8
   881 | D:3      | Reached skill level 5 in Stealth
   953 | D:3      | Noticed Grinder
  1004 | D:3      | Found a sparkling altar of Nemelex Xobeh.
  1005 | D:3      | Reached skill level 5 in Evocations
  1127 | D:4      | Noticed a big kobold
  1129 | D:4      | Reached XP level 6. HP: 35/38 MP: 10/10
  1131 | D:4      | Reached skill level 6 in Stealth
  1422 | D:5      | Entered Level 5 of the Dungeon
  1485 | D:5      | Found a shimmering altar of Xom.
  1486 | D:5      | Found a shimmering altar of Xom.
  1486 | D:5      | Found a shimmering altar of Xom.
  1487 | D:5      | Found a shimmering altar of Xom.
  1487 | D:5      | Found a shimmering altar of Xom.
  1502 | D:5      | Noticed an ice beast
  1508 | D:5      | Killed an ice beast
  1567 | D:5      | Noticed an ice beast
  1568 | D:5      | Reached XP level 7. HP: 43/43 MP: 11/11
  1665 | D:5      | Found a blossoming altar of Fedhas.
  1674 | D:5      | Became a worshipper of Fedhas Madash
  1744 | D:4      | Reached skill level 7 in Stealth
  2389 | D:3      | Found a radiant altar of Vehumet.
  3059 | D:4      | Found Dumeah's Antique Weapon Boutique.
  3083 | D:4      | Reached * piety under Fedhas
  3419 | D:4      | Bought a glowing rapier for 140 gold pieces
  3517 | D:5      | Reached XP level 8. HP: 48/48 MP: 11/13
  3522 | D:5      | Noticed Sigmund
  3533 | D:5      | Killed Sigmund
  3533 | D:5      | Reached skill level 5 in Dodging
  3533 | D:5      | Reached skill level 8 in Stealth
  3834 | D:5      | Noticed Pikel
  3878 | D:5      | Killed Pikel
  3924 | D:5      | Found a snail-covered altar of Cheibriados.
  4102 | D:5      | Noticed Eustachio
  4112 | D:5      | Killed Eustachio
  4112 | D:5      | Reached XP level 9. HP: 53/53 MP: 14/14
  4343 | D:5      | Reached skill level 9 in Stealth
  4448 | D:6      | Reached ** piety under Fedhas
  4475 | D:6      | Noticed Blork the orc
  4488 | D:6      | Killed Blork the orc
  4707 | D:6      | Found a blossoming altar of Fedhas.
  5050 | D:6      | Noticed Maggie
  5061 | D:6      | Killed Maggie
  5061 | D:6      | Reached skill level 5 in Polearms
  5349 | D:7      | Found a stormy altar of Qazlal.
  5359 | D:7      | Found a flagged portal.
  5415 | D:7      | Learned a level 3 spell: Ozocubu's Armour
  5416 | Bailey   | Entered a bailey
  5608 | Bailey   | Noticed an orc knight
  5610 | Bailey   | Reached skill level 1 in Invocations
  5616 | Bailey   | Reached XP level 10. HP: 58/58 MP: 16/16
  5633 | Bailey   | Reached skill level 1 in Charms
  5633 | Bailey   | Reached skill level 1 in Ice Magic
  5668 | Bailey   | Killed an orc knight
  5668 | Bailey   | Reached skill level 10 in Stealth
  5698 | Bailey   | Noticed an orc knight
  5707 | Bailey   | Killed an orc knight
  5707 | Bailey   | Reached *** piety under Fedhas
  5866 | D:7      | Found a staircase to the Ecumenical Temple.
  5937 | D:7      | Reached skill level 1 in Shields
  6192 | D:7      | Found a shimmering blue altar of Sif Muna.
  6776 | D:8      | Noticed Harold
  7047 | D:8      | Reached **** piety under Fedhas
  7080 | D:8      | Killed Harold
  7080 | D:8      | Reached skill level 5 in Invocations
  7173 | D:8      | Found a burning altar of Makhleb.
  7231 | D:8      | Found a white marble altar of Elyvilon.
  7310 | D:8      | Found a staircase to the Lair.
  7598 | D:8      | Reached XP level 11. HP: 56/63 MP: 17/17
  7700 | D:9      | Noticed a two-headed ogre
  7711 | D:9      | Killed a two-headed ogre
  7711 | D:9      | Reached skill level 11 in Stealth
  8130 | D:9      | Found a shattered altar of Ashenzari.
  8285 | D:9      | Noticed a two-headed ogre
  8290 | D:9      | Killed a two-headed ogre
  8290 | D:9      | Reached skill level 5 in Shields
  8307 | D:10     | Entered Level 10 of the Dungeon
  9121 | D:10     | Found an ancient bone altar of Kikubaaqudgha.
 10172 | D:11     | Noticed a two-headed ogre
 10179 | D:11     | Killed a two-headed ogre
 10189 | D:11     | Found a portal to a secret trove of treasure.
 10238 | D:11     | Noticed a lich
 10238 | D:11     | Noticed Ihob's ghost (journeyman VSSk)
 10240 | D:11     | Noticed a skeletal warrior
 10240 | D:11     | Noticed a deep troll earth mage
 10317 | D:11     | Found a staircase to the Orcish Mines.
 10322 | D:11     | Reached skill level 12 in Stealth
 10458 | D:11     | Found a runed translucent door.
 10461 | D:11     | Found a runed translucent door.
 10463 | D:11     | Noticed a manticore
 10465 | D:11     | Noticed a skeletal warrior
 10465 | D:11     | Noticed a skeletal warrior
 10466 | D:11     | Noticed a necromancer
 10467 | D:11     | Noticed an ettin
 10816 | D:12     | Found a frozen archway.
 10819 | D:12     | Found Rufares's Assorted Antiques.
 10844 | D:12     | Reached skill level 1 in Slings
 10844 | D:12     | Reached XP level 12. HP: 59/68 MP: 18/18
 10851 | IceCv    | Entered an ice cave
 11432 | IceCv    | Reached ***** piety under Fedhas
 12864 | IceCv    | Noticed a death yak
 12894 | IceCv    | Killed a death yak
 12903 | IceCv    | Reached skill level 10 in Invocations
 13370 | IceCv    | Noticed a frost giant
 13370 | IceCv    | Noticed a death yak
 13377 | IceCv    | Killed a death yak
 13377 | IceCv    | Reached skill level 13 in Stealth
 13378 | IceCv    | Killed a frost giant
 13378 | IceCv    | Reached skill level 5 in Slings
 13380 | IceCv    | Reached XP level 13. HP: 32/76 MP: 20/20
 13392 | IceCv    | HP: 1/76 [polar bear (13)]
 14568 | D:12     | Got a warped long sword
 14593 | D:12     | Identified the +9 long sword "Getajatumm" {vorpal, rC+
                  | Dex+2} (You found it on level 12 of the Dungeon)
 15085 | D:12     | Paralysed by a hornet for 1 turns
 15104 | D:12     | Reached skill level 1 in Long Blades
 16708 | D:13     | Identified Ekinweul's Compendium of Boosting Malediction
 17185 | Orc:1    | Entered Level 1 of the Orcish Mines
 17185 | Orc:1    | Found Oppobb's Weapon Shoppe.
 18137 | Orc:2    | Entered Level 2 of the Orcish Mines
 18159 | Orc:2    | Reached skill level 10 in Shields
 18810 | Orc:2    | Found a staircase to the Elven Halls.
 19103 | Orc:2    | Found Gupafemi's Gadget Shoppe.
 19103 | Orc:2    | Found Qavuych's Jewellery Shop.
 19105 | Orc:2    | Found Naybutte's Armour Shop.
 19105 | Orc:2    | Found Qykoluiwn's Armour Shoppe.
 19481 | Orc:1    | Noticed Jorgrun
 19488 | Orc:1    | Killed Jorgrun
 19488 | Orc:1    | Reached XP level 14. HP: 61/86 MP: 14/22
 19519 | Orc:1    | You fall into a shaft and drop 1 floor!
 19539 | Orc:1    | Found Teih's General Store.
 19686 | Orc:1    | Reached skill level 14 in Stealth
 20098 | Lair:1   | Entered Level 1 of the Lair of Beasts
 21515 | Lair:2   | Found a gate leading to a gauntlet.
 21535 | Gauntlet | Entered a Gauntlet
 21535 | Gauntlet | Found a transporter.
 21535 | Gauntlet | Found a transporter.
 21535 | Gauntlet | Found a transporter.
 21538 | Gauntlet | Found a transporter.
 21538 | Gauntlet | Found a transporter.
 21557 | Gauntlet | Found a transporter.
 21566 | Gauntlet | Found a transporter.
 21566 | Gauntlet | Found a transporter.
 21567 | Gauntlet | Found a transporter.
 21568 | Gauntlet | Found a transporter.
 21573 | Gauntlet | Noticed a dire elephant
 21576 | Gauntlet | Found a transporter.
 21581 | Gauntlet | Found a transporter.
 21638 | Gauntlet | Killed a dire elephant
 21638 | Gauntlet | Reached skill level 5 in Fighting
 21645 | Gauntlet | Got a heavily runed steel ring
 21646 | Gauntlet | Identified the ring of Taciup {*Tele +Blink} (You found it
                  | in a Gauntlet)
 22166 | Gauntlet | Got a slimy robe
 22170 | Gauntlet | Got a faintly glowing cloak
 22171 | Gauntlet | Identified the cursed +1 robe of Qetyefok {rElec MP-9
                  | Dex+5} (You found it in a Gauntlet)
 22172 | Gauntlet | Identified the +1 cloak "Owutino" {-Cast rC+ Str+3 Dex+3}
                  | (You found it in a Gauntlet)
 22184 | Gauntlet | Identified the +9 flail of Kuenul {vorpal, MP+9}
 22906 | Lair:2   | Identified a scroll of acquirement
 22907 | Lair:2   | Identified the ring "Qoassul" {Fire Stlth+} (You acquired
                  | it on level 2 of the Lair of Beasts)
 23594 | Lair:2   | Gained mutation: You possess an exceptional clarity of
                  | mind. [potion of mutation]
 23594 | Lair:2   | Gained mutation: Your flesh is cold resistant. (rC+)
                  | [potion of mutation]
 23594 | Lair:2   | Gained mutation: You expend magic power (3 MP) to
                  | strengthen your wands. [potion of mutation]
 23863 | Lair:3   | Learned a level 2 spell: Song of Slaying
 23867 | Lair:3   | Learned a level 3 spell: Spectral Weapon
 24038 | Lair:3   | Found a staircase to the Shoals.
 24576 | Lair:4   | Found a hole to the Spider Nest.
 25794 | Lair:4   | You fall into a shaft and drop 2 floors!
 25794 | Lair:6   | Entered Level 6 of the Lair of Beasts
 25801 | Lair:6   | Found a viscous altar of Jiyva.
 25818 | Lair:6   | Found a staircase to the Slime Pits.
 26092 | Lair:6   | Reached XP level 15. HP: 84/94 MP: 24/24
 26095 | Lair:6   | Noticed Sonja
 26125 | Lair:5   | Noticed Rupert
 27310 | Lair:5   | Killed Rupert
 27718 | Lair:6   | Killed Sonja
 28573 | Lair:6   | Found a burning altar of Makhleb.
 28598 | Lair:6   | Reached skill level 5 in Charms
 28652 | Lair:6   | HP: 4/95 [sun demon (26)]
 28652 | Lair:6   | Slain by a sun demon

Levels and vault maps discovered:
D:1:      minmay_arrival_loop, layout_rooms
D:2:      wander_river, layout_rooms, gammafunk_temple_overflow_arena,
          kennysheep_generic_room_16
D:3:      layout_loops_corners, nemelex_xobeh_ov_fountains_minmay,
          fiery_altar_vehumet, first_ration, uniq_grinder
D:4:      cheibrodos_thug_alley, layout_loops_cross, serial_shops, shop
D:5:      layout_loops_corners, kennysheep_slug_shrine, xom_redecorated,
          fedhas_altar_1, uniq_sigmund, uniq_eustachio, uniq_pikel
D:6:      layout_loops_corners, kennysheep_little_box, st_stairs_13,
          item_on_display_a, uniq_maggie, uniq_blork_the_orc
D:7:      layout_loops_ring, lemuel_blue_sif_altar, minmay_temple_entry_tees,
          enter_bailey_3, basic_altar
D:8:      layout_loops_cross, lemuel_crystal_altar, lemuel_crystal_altar,
          erik_lair_orcish_takeover, uniq_harold
D:9:      layout_roguey, lemuel_coloured_pillars_altar
D:10:     layout_stronghold, basic_altar
D:11:     minmay_angry_zag, layout_rooms, orc_0_dummy, enter_trove_1,
          muffindrake_ghost_dual_entry
D:12:     layout_irregular_city, serial_shops, shop, portal_ice_cave_rime
D:13:     layout_irregular_city
D:14:     layout_irregular_city, skrybe_vaults_entry_preservation,
          minmay_misc_feat_five
Lair:1:   layout_layer_cave, serial_bayou_shore_a
Lair:2:   layout_chaotic_city, gauntlet_entry_generic,
          nicolae_volcano_entry_hallway, minmay_lindwurm_lava
Lair:3:   layout_loops_ring, shoals_dummy_entry
Lair:4:   layout_layer_cave, spider_nest_entry_a, guppyfry_lair_drakes
Lair:5:   layout_misc_corridors, grunt_megastairs_4, uniq_rupert
Lair:6:   evil_forest, layout_regular_city, slime_altar_1,
          small_statue_intersection, uniq_sonja
Orc:1:    layout_diamond_mine, serial_shops, shop, shop_fountains, uniq_jorgrun
Orc:2:    grunt_orc_tribal_feast, layout_caves

Skill      XL: |  1  2  3  4  5  6  7  8  9 10 11 12 13 14 15 |
---------------+----------------------------------------------+-----
Stealth        | 2 3 4 5 6 7 8 9 10 12 13 14 | 14.9
Evocations     | 4 5 6 7 8 |  8.0
Dodging        | 3 4 6 7 8 |  8.0
Short Blades   | 2 |  2.0
Polearms       | 3 5 6 7 8 |  8.1
Invocations    | 1 5 8 10 11 12 13 | 13.3
Charms         | 2 3 5 |  5.1
Ice Magic      | 2 |  2.6
Shields        | 4 7 9 10 11 12 | 12.0
Slings         | 1 5 7 8 |  8.2
Fighting       | 2 4 5 6 |  6.4
Long Blades    | 2 |  2.8

Action                   |  1- 3 |  4- 6 |  7- 9 | 10-12 | 13-15 || total
-------------------------+-------+-------+-------+-------+-------++-------
Melee: Short sword       |    53 |    46 |    73 |       |       ||   172
       Tentacles         |    12 |     9 |    62 |   173 |   260 ||   516
       Constrict         |    14 |    14 |    63 |    83 |    85 ||   259
       Rapier            |       |       |   206 |   661 |   577 ||  1444
       Long sword        |       |       |       |       |    38 ||    38
       Demon trident     |       |       |       |       |   420 ||   420
 Fire: Hunting sling     |       |       |       |     1 |    41 ||    42
Throw: Dart              |       |       |       |       |     7 ||     7
Invok: Grow Ballistomyce |       |       |       |     4 |     1 ||     5
       Wall of Briars    |       |       |       |     2 |       ||     2
       Overgrow          |       |       |       |       |     9 ||     9
       Grow Oklob        |       |       |       |       |     4 ||     4
Evoke: Wand              |     9 |    12 |    17 |    73 |    53 ||   164
       Lightning rod     |       |       |       |     4 |    12 ||    16
       Phantom mirror    |       |       |       |       |     1 ||     1
  Use: Scroll            |       |       |     8 |    15 |    15 ||    38
       Potion            |       |       |       |     6 |    13 ||    19
 Stab: Sleeping          |     1 |     5 |    24 |    30 |    57 ||   117
       Distracted        |       |       |     1 |       |     9 ||    10
       Confused          |       |       |       |     4 |       ||     4
       Paralysed         |       |       |       |       |    14 ||    14
  Eat: Chunk             |       |     1 |    11 |    25 |    36 ||    73
       Ration            |       |       |     1 |     1 |     5 ||     7
Armor: Skin              |     3 |     1 |    27 |    86 |    41 ||   158
Dodge: Dodged            |    47 |    24 |   229 |   497 |   463 ||  1260
Block: Kite shield       |       |       |       |   452 |   676 ||  1128
       Reflection        |       |       |       |     9 |    17 ||    26
       Rpst.: Long sword |       |       |       |       |     3 ||     3

Table legend:
 A = Non-vault XP
 B = Vault XP
 C = Vault XP percentage of total XP
 D = Non-vault monster count
 E = Vault monster count
 F = Vault count percentage of total count
                 A         B        C        D         E       F
            +---------+---------+-------+---------+---------+-------
      Total |   56791 |   49105 |  46.4 |     458 |     190 |  29.3
            +---------+---------+-------+---------+---------+-------
        D:1 |      51 |       0 |   0.0 |      26 |       0 |   0.0
        D:2 |      59 |       4 |   6.3 |      15 |       2 |  11.8
        D:3 |     157 |       0 |   0.0 |      10 |       0 |   0.0
        D:4 |     322 |     203 |  38.7 |      16 |      11 |  40.7
        D:5 |     857 |    1068 |  55.5 |      32 |       4 |  11.1
        D:6 |     835 |     501 |  37.5 |      23 |       3 |  11.5
        D:7 |    1376 |       8 |   0.6 |      26 |       4 |  13.3
        D:8 |     458 |    1564 |  77.3 |      20 |       8 |  28.6
        D:9 |    2384 |       0 |   0.0 |      14 |       0 |   0.0
       D:10 |    2758 |       0 |   0.0 |      39 |       0 |   0.0
       D:11 |    3011 |     590 |  16.4 |      25 |       7 |  21.9
       D:12 |    3422 |     737 |  17.7 |      34 |       2 |   5.6
       D:13 |    7098 |       0 |   0.0 |      24 |       0 |   0.0
       D:14 |     961 |       0 |   0.0 |       2 |       0 |   0.0
     Lair:1 |    3201 |       0 |   0.0 |      20 |       0 |   0.0
     Lair:2 |    5904 |    2587 |  30.5 |      16 |       4 |  20.0
     Lair:3 |    3554 |       0 |   0.0 |      16 |       0 |   0.0
     Lair:4 |    6858 |     490 |   6.7 |      20 |       2 |   9.1
     Lair:5 |    3920 |    3089 |  44.1 |      12 |       2 |  14.3
     Lair:6 |    4023 |    8078 |  66.8 |      14 |      25 |  64.1
      Orc:1 |    3859 |    2276 |  37.1 |      36 |       1 |   2.7
      Orc:2 |    1723 |    5968 |  77.6 |      18 |      30 |  62.5
     Bailey |       0 |    1788 | 100.0 |       0 |      23 | 100.0
      IceCv |       0 |   14152 | 100.0 |       0 |      52 | 100.0
   Gauntlet |       0 |    6002 | 100.0 |       0 |      10 | 100.0
            +---------+---------+-------+---------+---------+-------
